 Dungeon Crawl Stone Soup version 0.30.1-1-g62c8e00024 (webtiles) character file.

Game seed: 2668704068640830056

55 Destapler the Cudgeller (level 3, -9/28 HPs)
             Began as a Demonspawn Gladiator on July 15, 2023.
             Killed from afar by Grinder (11 damage)
             ... with a puff of flame
             ... on level 3 of the Dungeon.
             The game lasted 00:05:15 (1823 turns).

Destapler the Cudgeller (Demonspawn Gladiator)      Turns: 1823, Time: 00:05:16

Health: -9/28      AC:  4    Str: 14    XL:     3   Next: 67%
Magic:  3/3        EV: 12    Int:  9    God:
Gold:   109        SH:  0    Dex: 16    Spells: 2/2 levels left

rFire   . . .        k - +2 falchion (drain)
rCold   . . .        (no shield)
rNeg    . . .        b - +0 leather armour
rPois   .            c - +0 helmet
rElec   .            (no cloak)
rCorr   .            (no gloves)
SInv    .            (no boots)
Will    .....        (no amulet)
Stlth   +            (no ring)
HPRegen 0.24/turn    (no ring)
MPRegen 0.08/turn

%: no passive effects
@: lethally poisoned (-9 -> -11), attractive, hasted, very quick
A: demonic guardian 2
a: no special abilities


You were on level 3 of the Dungeon.
You visited 1 branch of the dungeon, and saw 3 of its levels.

You collected 109 gold pieces.

Inventory:

Hand Weapons
 a - a +0 flail
 g - a +2 dagger of draining
 k - a +2 falchion of draining (weapon)
Missiles
 d - 3 throwing nets (quivered)
 e - a javelin
Armour
 b - a +0 leather armour (worn)
 c - a +0 helmet (worn)
Scrolls
 j - a scroll of fog
Potions
 i - a potion of haste


   Skills:
 + Level 2.5 Fighting
 + Level 0.8 Short Blades
 - Level 3.0 Maces & Flails
 - Level 2.0 Throwing
 + Level 0.7 Armour
 - Level 3.0 Dodging
 + Level 0.6 Stealth
 + Level 0.6 Shields


You had 2 spell levels left.
You didn't know any spells.
Your spell library was empty.

Dungeon Overview and Level Annotations

Branches:
Dungeon (3/15)

Altars:

Annotations:
D:3 Grinder


Innate Abilities, Weirdness & Mutations

A demonic guardian rushes to your aid.


Message History

Grinder is lightly wounded.
Jessica gestures wildly.
Jessica closely misses you. The adder bites you.
Jessica hits you but does no damage. The adder barely misses you.
Grinder hits you!
* * * LOW HITPOINT WARNING * * *
You writhe in agony.
* * * LOW HITPOINT WARNING * * *
You closely miss the adder. Your hellwing hits Jessica.
Your hellwing barely misses Jessica.
Jessica mumbles some strange words.
Jessica blinks!
The adder bites you but does no damage. Jessica is attracted toward you.
You closely miss the adder. Grinder completely misses you.
The adder bites you but does no damage. Jessica is attracted toward you.
You hit the adder but do no damage. You drain the adder.
The adder is moderately wounded.
Jessica barely misses you.
Grinder blinks!
Your hellwing hits Jessica!
Jessica dies!
The adder bites you.
* * * LOW HITPOINT WARNING * * *
You are poisoned.
The adder poisons you! Grinder is attracted toward you.
Training target 3.0 for Maces & Flails reached!
Training target 3.0 for Dodging reached!
Your Maces & Flails skill increases to level 3!
Your Dodging skill increases to level 3!
As you read the scroll labelled GAXURO KYFOY, it crumbles to dust.
It is a scroll of identify.
j - a scroll of fog You feel sick.
Grinder hits you.
* * * LOW HITPOINT WARNING * * *
A demonic guardian appears!
You barely miss Grinder.
Grinder is lightly wounded.
You feel sick. The adder misses you.
Your hellwing barely misses the adder.
Your hellwing closely misses the adder.
The adder bites you.
* * * LOW HITPOINT WARNING * * *
Grinder zaps a wand.
The puff of flame hits you!
You die...

..†.....#
#######.# # #.# #
#.# #
#.###############
#
#...............#
#
#...............+
#......§.§#####.#.
#>.......5@)§....#
#.........4S.....#
#.#####.##4.....!#
#.# #.##.......#
#.. #.###...#+##
## #.# ...# ...#
...#


You could see Grinder, an adder (very drained, ally target), a friendly hellwing
(summoned) and a friendly rust devil (summoned).

Vanquished Creatures
  A dart slug (D:3)
  3 endoplasms
  2 goblins (D:2)
  2 hobgoblins
  4 quokkas
  3 ball pythons (D:2)
  2 bats
  A frilled lizard (D:2)
  A kobold (D:1)
  7 rats
26 creatures vanquished.

Vanquished Creatures (collateral kills)
  Jessica (D:3)
1 creature vanquished.

Grand Total: 27 creatures vanquished

Notes
Turn   | Place    | Note
-------+----------+-------------------------------------------
     0 | D:1      | Destapler the Demonspawn Gladiator began the quest for the
                  | Orb.
     0 | D:1      | Reached XP level 1. HP: 16/16 MP: 1/1
    90 | D:1      | You fall into a shaft and drop 1 floor!
   213 | D:1      | Gained mutation: A weak demonic guardian rushes to your
                  | aid. [demonic ancestry]
   213 | D:1      | Reached XP level 2. HP: 22/22 MP: 2/2
  1793 | D:3      | Gained mutation: A demonic guardian rushes to your aid.
                  | [demonic ancestry]
  1793 | D:3      | Reached XP level 3. HP: 28/28 MP: 3/3
  1810 | D:3      | Noticed Jessica
  1814 | D:3      | Noticed Grinder
  1821 | D:3      | Killed Jessica
  1823 | D:3      | Killed from afar by Grinder

Illustrated notes

Levels and vault maps discovered:
D:1:      lemuel_arrival_room, layout_loops_ring, wad_woods_river_04,
          st_stairs_2
D:2:      layout_basic
D:3:      layout_basic, mainiacjoe_overflow_alcove_2, cheibrodos_worm_habitat,
          riverfiend_overflow_shadow_ancestor, serial_shops, shop,
          nicolae_shop_advertising_works [nicolae_subvault_shop_adworks],
          uniq_jessica, uniq_ijyb, uniq_grinder, uniq_robin

Skill      XL: |  1  2  3 |
---------------+----------+-----
Throwing       | 2 |  2.0
Maces & Flails | 3 |  3.0
Dodging        | 3 |  3.0
Fighting       | |  2.5
Short Blades   | |  0.8
Armour         | |  0.7
Stealth        | |  0.6
Shields        | |  0.6

Action                     || total
---------------------------++-------
  Melee: Flail             ||    22
         Dagger            ||    82
         Falchion          ||    24
         Punch             ||     1
    Use: Potion            ||     2
         Scroll            ||     1
   Stab: Sleeping          ||     3
 Armour: Leather armour    ||    27
  Dodge: Dodged            ||    49
